 Dungeon Crawl Stone Soup version 0.17-a0-1446-gc28613e (webtiles) character file.

50 matakusis the Skirmisher (level 3, 0/29 HPs)
             Began as a Demonspawn Berserker on June 28, 2015.
             Was an Initiate of Ru.
             Slain by a black bear (6 damage)
             ... created by the rage of Trog
             ... on level 2 of the Dungeon.
             The game lasted 00:07:33 (1077 turns).

matakusis the Skirmisher (Demonspawn Berserker)     Turns: 1077, Time: 00:07:38

Health: 0/29       AC:  6    Str: 18      XL:     3   Next: 55%
Magic:  3/3        EV: 10    Int:  5 (8)  God:    Ru [......]
Gold:   42         SH:  0    Dex: 12      Spells: 0 memorised, 2 levels left

rFire  . . .     SeeInvis .     d - +0 short sword (flame)
rCold  + . .     Clarity  .     l - +0 scale mail
rNeg   . . .     SustAt   .     (no shield)
rPois  .         Gourm    .     (no helmet)
rElec  .         Spirit   .     (no cloak)
rCorr  .         Warding  .     (no gloves)
rMut   .         Stasis   .     (no boots)
MR     .....                    m - amulet of regeneration
Stlth  ..........               (no ring)
                                (no ring)

@: not resistant to hostile enchantments, extremely unstealthy
A: cold resistance 1
a: Renounce Religion


You were on level 2 of the Dungeon.
You worshipped Ru.
Ru was noncommittal.
You were not hungry.

You visited 1 branch of the dungeon, and saw 2 of its levels.

You collected 42 gold pieces.

Inventory:

Hand weapons
 a - a +0 mace
 d - a +0 short sword of flaming (weapon)
Armour
 b - a +0 animal skin
 g - a +0 ring mail
 l - a +0 scale mail (worn)
Jewellery
 m - an amulet of regeneration (around neck)
Scrolls
 j - a scroll of teleportation {unknown}
Potions
 e - a potion of lignification {unknown}
 f - a potion of might {unknown}
 h - a potion of degeneration
Comestibles
 c - 2 bread rations
 i - a meat ration
 k - 4 chunks of flesh


   Skills:
 * Level 3.3 Fighting
 * Level 3.2 Maces & Flails
 * Level 2.5 Armour
 + Level 2.1 Dodging


You had 2 spell levels left.
You didn't know any spells.

Dungeon Overview and Level Annotations

Branches:
Dungeon (2/15)

Altars:
Ru


Innate Abilities, Weirdness & Mutations

Your flesh is cold resistant.


Message History

It was a potion of degeneration.
There was something very wrong with that liquid.
You feel dopey. The black bear closely misses you. The black bear claws you.
The black bear closely misses you. The polar bear bites you.
The polar bear closely misses you. The polar bear claws you.
The black bear closely misses you. The black bear barely misses you.
The black bear closely misses you. The polar bear barely misses you.
The polar bear claws you.
* * * LOW HITPOINT WARNING * * *
The polar bear claws you but does no damage.
The black bear bites you.
* * * LOW HITPOINT WARNING * * *
The black bear claws you but does no damage.
The black bear claws you.
* * * LOW HITPOINT WARNING * * *
The polar bear bites you but does no damage.
The polar bear claws you but does no damage. x2
The black bear barely misses you. The black bear claws you.
You die...

##...............
##.##..<..####.#
#..#......# #.#
##...#.##.# #.#
########......#.###.#
#...........#.#......
####........####..#.....
#.....h...######.######.
#..h@h.#...........#.
.......#.h.#.####.####.#.
.....###.###.#.......#.#.
.... #÷###.#.##.##.#.#.
... #...#.#.#...#.#.#. ..
##†#......._....... .
##..###.#.#...#.#)##
#..####.#.##.##.#.#
######.##..#.#.......#.#


You could see 2 polar bears and 2 black bears.

Vanquished Creatures
  An adder (D:2)
  An ooze (D:2)
  2 giant geckos (D:2)
  3 bats (D:2)
  A giant cockroach (D:2)
  5 goblins
  4 hobgoblins
  4 jackals (D:2)
  5 kobolds
  A quokka (D:2)
  A giant newt (D:1)
  2 rats
30 creatures vanquished.

Notes
Turn   | Place    | Note
--------------------------------------------------------------
     0 | D:1      | matakusis the Demonspawn Berserker began the quest for the Orb.
     0 | D:1      | Reached XP level 1. HP: 18/18 MP: 1/1
     2 | D:1      | Noticed an electric eel
   330 | D:1      | Gained mutation: Your flesh is cold resistant. [demonic ancestry]
   330 | D:1      | Reached XP level 2. HP: 22/24 MP: 2/2
   854 | D:2      | Reached XP level 3. HP: 27/29 MP: 3/3
   897 | D:2      | Acquired Trog's second power
   968 | D:2      | Found a sacrificial altar of Ru.
  1023 | D:2      | Fell from the grace of Trog
  1023 | D:2      | Became a worshipper of Ru the Awakened
  1075 | D:2      | Noticed a polar bear
  1075 | D:2      | Noticed a black bear
  1075 | D:2      | Noticed a polar bear
  1075 | D:2      | Noticed a black bear
  1077 | D:2      | Slain by a black bear

Vault maps used:
D:1:      arrival_aquarium_a
D:2:      overflow_temple_1_default, kennysheep_flooded_box,
          nicolae_ru_sacrificial_ziggurat

Action                   || total
-------------------------++-------
Melee: Short sword       ||   100
       Mace              ||     1
Invok: Berserk           ||     1
  Use: Potion            ||     1
  Eat: Chunk             ||     2
